 Seeded DCSS version 0.24.0 (webtiles) character file.

Game seed: 70977852250, levelgen mode: deterministic

76 Kranky the Chopper (level 4, 0/41 HPs)
             Began as a Hill Orc Monk on Sept 28, 2020.
             Slain by a leopard gecko (2 damage)
             ... in a sewer.
             The game lasted 00:07:34 (2330 turns).

Kranky the Chopper (Hill Orc Monk)                  Turns: 2330, Time: 00:07:35

Health: 0/41       AC:  6    Str: 14    XL:     4   Next: 32%
Magic:  4/4        EV: 10    Int: 10    God:
Gold:   105        SH:  0    Dex: 13    Spells: 3/3 levels left

rFire    . . .     SeeInvis .   a - +0 hand axe
rCold    . . .     Gourm    .   (no shield)
rNeg     . . .     Faith    .   f - +0 scale mail
rPois    .         Spirit   .   (no helmet)
rElec    .         Reflect  .   (no cloak)
rCorr    .         Harm     .   (no gloves)
MR       .....                  (no boots)
Stlth    ..........             (no amulet)
HPRegen  0.13/turn              (no ring)
MPRegen  0.09/turn              (no ring)

@: no status effects
A: no striking features
a: no special abilities


You were in a sewer.
You were hungry.

You visited 1 branch of the dungeon, and saw 3 of its levels.
You also visited: Sewer.

You collected 105 gold pieces.

Inventory:

Hand Weapons
 a - a +0 hand axe (weapon)
Armour
 f - a +0 scale mail (worn)
Jewellery
 l - a cursed ring of attention {unknown}
Wands
 k - a wand of scattershot (5)
 p - a wand of iceblast (5)
Scrolls
 b - 2 scrolls of remove curse {unknown}
 g - 2 scrolls of immolation {unknown}
 h - 4 scrolls of teleportation {unknown}
 j - 2 scrolls of enchant weapon {unknown}
 n - a scroll of identify {unknown}
Potions
 d - a potion of haste {unknown}
 e - 2 potions of ambrosia {unknown}
 i - 2 potions of curing {unknown}
 o - a potion of heal wounds {unknown}
Comestibles
 c - 4 rations
 m - 8 chunks of flesh


   Skills:
 + Level 4.5 Fighting
 + Level 5.6 Axes
 + Level 1.2 Armour
 - Level 2.4 Dodging
 - Level 1.5 Stealth


You had 3 spell levels left.
You didn't know any spells.
Your spell library was empty.

Dungeon Overview and Level Annotations

Branches:
Dungeon (3/15)              Sewer (1/1)

Altars:
Ashenzari
Okawaru
Xom
The Shining One


Message History

The leopard gecko completely misses you.
You are too injured to fight recklessly!
You hit the leopard gecko.
The leopard gecko is almost dead.
You hit the leopard gecko but do no damage.
You barely miss the frilled lizard.
The leopard gecko closely misses you. x2
The frilled lizard bites you but does no damage.
Your scale mail prevents you from hitting the leopard gecko.
The leopard gecko is almost dead.
You barely miss the frilled lizard. You miss the leopard gecko.
The leopard gecko bites you but does no damage. x2
The frilled lizard bites you but does no damage.
You closely miss the leopard gecko.
The leopard gecko is almost dead.
You hit the ooze. You hit the frilled lizard.
You kill the frilled lizard!
You hit the leopard gecko. The leopard gecko bites you.
* * * LOW HITPOINT WARNING * * *
The leopard gecko barely misses you. The leopard gecko bites you.
You die...

##### ##...##
##
##.....##.####≈
#.......l.≈≈..≈
#..w.∩J@l...≈≈≈
#......####..≈≈
###∩.### ≈ ###


You could see a worm, an ooze and 2 leopard geckos.

Vanquished Creatures
  2 adders
  2 worms (D:2)
  2 leopard geckos
  An orc (D:3)
  7 bats
  8 goblins
  10 hobgoblins
  4 jackals (D:3)
  A ball python (D:1)
  5 frilled lizards
  A kobold (D:2)
  4 rats
47 creatures vanquished.

Vanquished Creatures (others)
  An orc (D:3)
1 creature vanquished.

Grand Total: 48 creatures vanquished

Notes
Turn   | Place    | Note
-------+----------+-------------------------------------------
     0 | D:1      | Kranky the Hill Orc Monk began the quest for the Orb.
     0 | D:1      | Reached XP level 1. HP: 19/19 MP: 1/1
   246 | D:1      | Reached XP level 2. HP: 19/27 MP: 2/2
  1285 | D:2      | Reached XP level 3. HP: 27/33 MP: 3/3
  1380 | D:2      | Reached skill level 5 in Axes
  1914 | D:2      | Found an iron altar of Okawaru.
  2083 | D:3      | Reached skill level 1 in Armour
  2083 | D:3      | Reached XP level 4. HP: 33/41 MP: 4/4
  2112 | D:3      | Found a shattered altar of Ashenzari.
  2113 | D:3      | Found a glowing golden altar of the Shining One.
  2114 | D:3      | Found a shimmering altar of Xom.
  2316 | D:3      | Found a glowing drain.
  2322 | D:3      | HP: 2/41 [worm (6)]
  2325 | Sewer    | Entered a sewer
  2330 | Sewer    | HP: 2/41 [leopard gecko (1)]
  2330 | Sewer    | Slain by a leopard gecko

Levels and vault maps discovered:
D:1:      roderic_crossed_star, layout_basic
D:2:      layout_rooms, chequers_serial_rivers_micro_e,
          minmay_misc_feat_nine_boxes, minmay_hexomino_r4
D:3:      layout_basic, chequers_temple_overflow_statue_of_worship,
          cheibrodos_sewer_entry_bend
Sewer:    sewer_fruit_machine
